 Dungeon Crawl Stone Soup version 0.23.0-3-gf3c87f2 (webtiles) character file.

Game seed: 4970795430614939003

64 Scud the Sneak (level 3, 0/18 HPs)
             Began as a Spriggan Assassin on Feb 23, 2019.
             Succumbed to an adder's poison
             ... on level 2 of the Dungeon.
             The game lasted 00:04:11 (1812 turns).

Scud the Sneak (Spriggan Assassin)                  Turns: 1812, Time: 00:04:11

Health: 0/18       AC:  3    Str:  5    XL:     3   Next: 91%
Magic:  4/4        EV: 18    Int: 12    God:
Gold:   97         SH:  4    Dex: 18    Spells: 2/2 levels left

rFire    . . .     SeeInvis +   a - +2 dagger
rCold    . . .     Gourm    .   (shield restricted)
rNeg     . . .     Faith    .   c - +0 robe
rPois    .         Spirit   .   (helmet restricted)
rElec    .         Reflect  .   d - +0 cloak
rCorr    .         Harm     .   (gloves unavailable)
MR       .....                  (boots unavailable)
Stlth    ++++......             (no amulet)
HPRegen  0.06/turn              (no ring)
MPRegen  0.09/turn              (no ring)

@: lethally poisoned (0 -> -9), very quick
A: very small, unfitting armour, large bone plates 1, see invisible, herbivore,
speed 3, slow metabolism 2, weak 1
a: no special abilities


You were on level 2 of the Dungeon.
You were not hungry.

You visited 1 branch of the dungeon, and saw 2 of its levels.

You collected 97 gold pieces.

Inventory:

Hand Weapons
 a - a +2 dagger (weapon)
 b - a +0 blowgun
Missiles
 e - 8 poisoned needles
 f - 2 curare-tipped needles
Armour
 c - a +0 robe (worn)
 d - a +0 cloak (worn)
Jewellery
 l - an uncursed ring of ice {unknown}
 m - an uncursed ring of poison resistance {unknown}
 o - an uncursed ring of magical power {unknown}
Scrolls
 h - 3 scrolls of identify {unknown}
 k - 2 scrolls of noise {unknown}
 n - a scroll of remove curse {unknown}
Potions
 i - a potion of curing {unknown}
 j - 2 potions of brilliance {unknown}
 p - 2 potions of mutation
 q - a potion of haste {unknown}
Comestibles
 g - 5 rations


   Skills:
 + Level 1.9 Fighting
 + Level 2.6 Short Blades
 + Level 2.2 Throwing
 + Level 2.5 Dodging
 + Level 7.2 Stealth


You had 2 spell levels left.
You didn't know any spells.
Your spell library was empty.

Dungeon Overview and Level Annotations

Branches:
Dungeon (2/15)

Altars:
Okawaru


Innate Abilities, Weirdness & Mutations

You are very small and have problems with some larger weapons.
You are too small for most types of armour.
You have supernaturally acute eyesight. (SInv)
You are a herbivore.
You cover ground extremely quickly.
You need to consume almost no food.
You are partially covered in large bone plates. (SH +4)
You are weak. (Str -2)


Message History

You feel sick. The adder completely misses you.
You barely miss the adder.
The adder is severely wounded.
The adder bites you.
* * * LOW HITPOINT WARNING * * *
The adder closely misses you.
You hit the adder.
The adder is almost dead.
* * * LOW HITPOINT WARNING * * *
You feel sick. The adder bites you.
* * * LOW HITPOINT WARNING * * *
You hit the adder.
You kill the adder!
* * * LOW HITPOINT WARNING * * *
You feel sick.
You see here an adder corpse.
It was a potion of mutation.
You feel extremely strange.
You feel weaker.
Large bone plates grow over parts of your arms.
You die...

.....#...
........)...#.#
...............
.............#.#
.............#..
.............##.#####
..............#.....#
.............###....#
....(.)...).....@...#
...........#####....#
##..###...## ##...#
....###...# ...#
..........# ...#
.#..###...# ####
...## #...# ####
#...#


There were no monsters in sight!

Vanquished Creatures
  An adder (D:2)
  A worm (D:2)
  3 leopard geckos (D:2)
  3 giant cockroaches
  2 goblins
  7 hobgoblins
  8 jackals
  4 kobolds
  2 ball pythons
  7 bats
  3 frilled lizards
  4 rats
45 creatures vanquished.

Notes
Turn   | Place    | Note
-------+----------+-------------------------------------------
     0 | D:1      | Scud the Spriggan Assassin began the quest for the Orb.
     0 | D:1      | Reached XP level 1. HP: 10/10 MP: 2/2
     1 | D:1      | Found an iron altar of Okawaru.
    49 | D:1      | Reached skill level 6 in Stealth
   230 | D:1      | Reached XP level 2. HP: 14/15 MP: 3/3
   951 | D:2      | Reached skill level 7 in Stealth
   998 | D:2      | Reached XP level 3. HP: 12/18 MP: 4/4
  1812 | D:2      | Gained mutation: You are weak. (Str -2) [potion of
                  | mutation]
  1812 | D:2      | Gained mutation: You are partially covered in large bone
                  | plates. (SH +4) [potion of mutation]
  1812 | D:2      | Succumbed to an adder's poison

Skill      XL: |  1  2  3 |
---------------+----------+-----
Stealth        | 6 7 |  7.2
Dodging        | 2 |  2.5
Fighting       | |  1.9
Short Blades   | |  2.6
Throwing       | |  2.2

Action                   || total
-------------------------++-------
Melee: Dagger            ||   163
  Use: Potion            ||     1
 Stab: Sleeping          ||    13
Armor: Robe              ||    31
Dodge: Dodged            ||   161
